 Dungeon Crawl Stone Soup version 0.32-a0-470-g255bbe2f98 (webtiles) character file.

Game seed: 8396150343133632029

19213 Amplified the Bludgeoner (level 12, -11/107 HPs)
             Began as a Mountain Dwarf Monk on Feb 25, 2024.
             Was a Priest of the Shining One.
             Killed from afar by an ice statue (20 damage)
             ... with a shard of ice
             ... in an ice cave.
             The game lasted 00:38:54 (15120 turns).

Amplified the Bludgeoner (Mountain Dwarf Monk)     Turns: 15120, Time: 00:38:55

Health: -11/107    AC: 10    Str: 19    XL:     12   Next: 34%
Magic:  20/20      EV: 12    Int: 11    God:    the Shining One [***...]
Gold:   917        SH:  5    Dex: 12    Spells: 2/11 levels left

rFire   + . .        N - +0 morningstar (heavy)
rCold   + . .        w - +0 buckler
rNeg    + . .        H - +1 leather armour {rC+ rF+}
rPois   +            p - +2 helmet
rElec   .            (no cloak)
rCorr   .            h - +0 pair of gloves
SInv    .            I - +0 pair of boots
Will    ++...        t - amulet of magic regeneration
Stlth   +            f - ring of poison resistance
HPRegen 0.37/turn    a - ring of willpower
MPRegen 0.57/turn

%: no passive effects
@: glowing
A: runic magic, artefact enchanting, screaming 1
a: Renounce Religion, Divine Shield, Cleansing Flame


You were in an ice cave.
You worshipped the Shining One.
The Shining One was most pleased with you.
You visited 4 branches of the dungeon, and saw 17 of its levels.
You also visited: Ice Cave.

You collected 917 gold pieces.

Inventory:

Hand Weapons
 k - a +0 whip of freezing
 C - a +2 scimitar of flaming
 N - a +0 heavy morningstar (weapon)
Missiles
 n - 29 poisoned darts
 A - a throwing net (quivered)
Armour
 d - an orb of light
 h - a +0 pair of gloves (worn)
 l - a +0 kite shield
 p - a +2 helmet (worn)
 w - a +0 buckler (worn)
 B - the +2 ring mail of the Pit {Int+2 Slay+2}
   (You found it on level 6 of the Dungeon)

   Int+2:     It affects your intelligence (+2).
   Slay+2:    It affects your accuracy & damage with ranged weapons and melee
   (+2).
 G - +0 acid dragon scales
 H - a +1 leather armour of resistance (worn)
 I - a +0 pair of boots (worn)
Jewellery
 a - a ring of willpower (right hand)
 f - a ring of poison resistance (left hand)
 g - a ring of fire
 o - a ring of magical power
 q - a ring of wizardry
 r - a ring of resist corrosion
 t - an amulet of magic regeneration (around neck)
 v - a ring of magical power
Wands
 j - a wand of flame (44)
 z - a wand of roots (8)
 L - a wand of digging (5)
Scrolls
 c - a scroll of immolation
 u - a scroll of silence
 x - 6 scrolls of amnesia
 E - 2 scrolls of poison
 F - 4 scrolls of identify
Potions
 e - 3 potions of attraction
 i - 2 potions of magic
 m - a potion of enlightenment
 D - 2 potions of mutation
 M - a potion of lignification


   Skills:
 - Level 10.5 Fighting
 * Level 15.5 Maces & Flails
 - Level 4.6 Armour
 - Level 2.6 Dodging
 - Level 7.0 Shields
 - Level 1.8 Summonings
 - Level 3.0 Translocations
 - Level 1.6 Ice Magic
 - Level 11.0 Invocations
 - Level 4.3 Evocations


You had 2 spell levels left.
You knew the following spells:

 Your Spells              Type           Power      Damage    Failure   Level
a - Lesser Beckoning      Tloc           12%        N/A       19%         2
b - Momentum Strike       Conj/Tloc      6%         3d8       34%         2
c - Blink                 Tloc           12%        N/A       19%         2
d - Summon Ice Beast      Ice/Summ       3%         N/A       54%         3

Your spell library contained the following spells:

 Spells                   Type           Power      Damage    Failure   Level
 Freeze                   Ice            12%        1d3       22%         1
 Shock                    Conj/Air       0%         1d3       41%         1
 Ensorcelled Hibernation  Hex/Ice        2%         N/A       43%         2
 Gell's Gravitas          Tloc           6%         N/A       36%         3
 Teleport Other           Tloc           6%         N/A       36%         3
 Frozen Ramparts          Ice            6%         1d1       56%         3
 Hailstorm                Conj/Ice       1%         3d5       67%         3
 Passage of Golubria      Tloc           6%         N/A       77%         4
 Passwall                 Erth           0%         N/A       78%         3
 Swiftness                Air            0%         N/A       78%         3
 Tukima's Dance           Hex            0%         N/A       78%         3
 Airstrike                Air            0%         2d(0-16)  99%         4
 Summon Forest            Summ/Tloc      2%         N/A       99%         5
 Yara's Violent Unravell  Hex/Alch       0%         3d3       100%        5
 Dispersal                Tloc           3%         N/A       100%        6
 Eringya's Noxious Bog    Alch           0%         4d6       100%        6
 Sculpt Simulacrum        Ice/Alch       0%         N/A       100%        6
 Summon Hydra             Summ           2%         N/A       100%        7


Dungeon Overview and Level Annotations

Branches:
Dungeon (13/15)            Temple (1/1) D:4            Lair (2/5) D:9
  Snake (0/4) Lair:2          Orc (1/2) D:10          IceCv (1/1)
  Swamp: Lair:2-3    Shoals: Lair:2-3    Vaults: D:13-14

Altars:
Ashenzari
Cheibriados
Dithmenos
Elyvilon
Fedhas
Gozag
Hepliaklqana
Kikubaaqudgha
Makhleb
Nemelex Xobeh
Okawaru
Qazlal
Ru
Trog
Uskayaw
Vehumet
Wu Jian
Xom
Yredelemnul
Zin
The Shining One

Annotations:
D:7 Joseph
D:9 1 runed translucent door
D:12 Frances IceCv exclusion: 3 ice statues


Innate Abilities, Weirdness & Mutations

Your spellcasting is much less encumbered by armour.
You can use scrolls of enchantment on lesser artefacts.
You occasionally shout uncontrollably at your foes.


Message History

Unknown command.
Unknown command.
Unknown command.
Unknown command.
Unknown command.
As you read the scroll of teleportation, it crumbles to dust.
You feel strangely unstable.
You block the harpy simulacrum's attack.
The harpy simulacrum claws you!
* * * LOW HITPOINT WARNING * * *
The harpy simulacrum freezes you! You resist.
* * * LOW HITPOINT WARNING * * *
The harpy simulacrum misses you. The harpy simulacrum claws you!
* * * LOW HITPOINT WARNING * * *
The harpy simulacrum freezes you! You resist.
* * * LOW HITPOINT WARNING * * *
The ice statue gestures.
Unknown command.
Okay, then.
As you read the scroll of fear, it crumbles to dust.
You assume a fearsome visage.
The three-headed hydra simulacrum is unaffected.
The white ugly thing looks frightened!
The ice statue is unaffected.
The ice beast looks frightened!
The harpy simulacrum is unaffected.
The harpy simulacrum barely misses you.
The harpy simulacrum completely misses you.
The harpy simulacrum closely misses you.
The harpy simulacrum claws you but does no damage.
Unknown command.
Unknown command.
You puncture the harpy simulacrum!
The harpy simulacrum is almost destroyed.
Your surroundings suddenly seem different.
The ice statue gestures at you.
The freezing blast engulfs the ice beast.
The ice beast completely resists.
The ice statue glitters chillingly in the dim dungeon light.
The ice statue gestures at you. The shard of ice hits you!!
You partially resist.
You die...

####### ############# ####
#☼°°○.## ##I....#.....## ##...
#$○°...###......#!.....###....
#.Z°○...#.......#.......#.....
#:.....YI...§§YY........†..∩..
#....Z..#...☼Y☼.#.......#.....
#:.....###..○§§.#(.....###....
#|!$..## ##I.@Y§#..[..## ##...
####### ############# ####


You could see 3 ice statues and 5 ice beasts.

Vanquished Creatures
  A boulder beetle (D:11)
  2 two-headed ogres
  Erica (Lair:2)
  Pikel (D:4)
  An ugly thing (IceCv)
  A manticore (D:11)
  A black mamba (Lair:2)
  2 gargoyles
  2 cane toads (Lair:1)
  2 komodo dragons (Lair:2)
  An unseen horror (D:11)
  A polar bear (Lair:2)
  2 trolls
  A merfolk (D:10)
  A hornet (D:8)
  3 blink frogs (Lair:2)
  A slime creature (D:12)
  A shadow (D:11)
  3 wraiths
  3 vampires
  5 wyverns
  19 yaks
  The ghost of Pascal76 the Trooper, an amateur MiFi (D:4)
  A basilisk (D:11)
  2 steam dragons (D:8)
  4 vampire mosquitoes (D:9)
  An acid dragon (D:10)
  5 water moccasins
  5 orc warriors
  2 ice beasts
  A black bear (D:7)
  A sky beast (D:9)
  An ogre (D:4)
  7 centaurs
  4 wolves (D:8)
  Blork the orc (D:4)
  3 gnoll sergeants
  4 kobold brigands
  2 lemures (D:4)
  7 bullfrogs
  9 scorpions
  4 cane toad simulacra (IceCv)
  11 killer bees
  8 howler monkeys
  A jelly (D:6)
  2 bombardier beetles
  3 hounds
  A gnoll bouda (D:7)
  8 orc priests
  2 sleepcaps
  An iguana (D:6)
  9 orc wizards
  A wolf simulacrum (IceCv)
  Robin (D:4)
  23 gnolls
  6 adders
  3 white imps
  4 ufetubi
  5 dart slugs
  2 ribbon worms (D:4)
  19 orcs
  5 endoplasms
  11 giant cockroaches
  13 hobgoblins
  9 jackals
  4 quokkas
  7 ball pythons
  3 bats
  6 frilled lizards
  16 goblins
  15 kobolds
  2 rats (D:1)
321 creatures vanquished.

Vanquished Creatures (others)
  A centaur (D:10)
  A kobold brigand (D:10)
2 creatures vanquished.

Grand Total: 323 creatures vanquished

Notes
Turn   | Place    | Note
-------+----------+-------------------------------------------
     0 | D:1      | Amplified the Mountain Dwarf Monk began the quest for the
                  | Orb.
     0 | D:1      | Reached XP level 1. HP: 19/19 MP: 1/1
   133 | D:1      | Reached XP level 2. HP: 20/26 MP: 2/2
   253 | D:1      | Reached skill level 1 in Armour
   404 | D:1      | Reached skill level 4 in Maces & Flails
   561 | D:1      | Found a faded altar of an unknown god.
   712 | D:1      | Reached XP level 3. HP: 25/33 MP: 3/3
  2346 | D:3      | Reached XP level 4. HP: 40/40 MP: 4/4
  2561 | D:3      | Reached skill level 1 in Evocations
  2573 | D:3      | Reached XP level 5. HP: 27/46 MP: 5/5
  3156 | D:4      | Noticed Robin
  3244 | D:4      | Noticed an ogre
  3248 | D:4      | Killed an ogre
  3249 | D:4      | Reached skill level 5 in Maces & Flails
  3308 | D:4      | Found an iron altar of Okawaru.
  3311 | D:4      | Found a white marble altar of Elyvilon.
  3316 | D:4      | Found an opulent altar of Gozag.
  3319 | D:4      | Found a shimmering altar of Xom.
  3485 | D:4      | Reached XP level 6. HP: 53/53 MP: 6/6
  3510 | D:4      | Found a basalt altar of Yredelemnul.
  3510 | D:4      | Found a radiant altar of Vehumet.
  3598 | D:4      | Noticed Blork the orc
  3609 | D:4      | Killed Blork the orc
  3636 | D:4      | Found a large runed translucent door.
  3636 | D:4      | Found a large runed translucent door.
  3639 | D:4      | Noticed Pascal76's ghost (amateur MiFi)
  3954 | D:4      | Killed Robin
  4066 | D:4      | Noticed Pikel
  4080 | D:4      | Killed Pikel
  4081 | D:4      | Reached skill level 5 in Fighting
  4081 | D:4      | Reached skill level 6 in Maces & Flails
  4081 | D:4      | Reached XP level 7. HP: 36/62 MP: 7/7
  4587 | D:4      | Found a staircase to the Ecumenical Temple.
  4596 | Temple   | Entered the Ecumenical Temple
  4602 | Temple   | Became a worshipper of the Shining One
  4602 | Temple   | Reached * piety under the Shining One
  4602 | Temple   | Reached ** piety under the Shining One
  4959 | D:5      | Entered Level 5 of the Dungeon
  5042 | D:5      | Learned a level 2 spell: Lesser Beckoning
  5045 | D:5      | Learned a level 2 spell: Momentum Strike
  5109 | D:5      | Learned a level 2 spell: Blink
  5134 | D:5      | Reached skill level 1 in Invocations
  5172 | D:5      | Reached XP level 8. HP: 56/70 MP: 8/8
  5532 | D:5      | Reached skill level 1 in Translocations
  5545 | D:5      | Reached skill level 1 in Shields
  5854 | D:5      | Reached skill level 7 in Maces & Flails
  6671 | D:6      | Identified the +4 long sword "Embalmer" {holy, *Slow
                  | ^Fragile rElec rF++}
  6713 | D:6      | Identified the +0 ring mail of the Pit {Int+2 Slay+2}
  7286 | D:4      | Killed Pascal76's ghost
  7417 | D:7      | Reached XP level 9. HP: 69/75 MP: 12/12
  7426 | D:7      | Reached skill level 8 in Maces & Flails
  7623 | D:7      | Reached skill level 5 in Invocations
  7778 | D:7      | Reached *** piety under the Shining One
  8042 | D:7      | Found a runed translucent door.
  8043 | D:7      | Found a runed translucent door.
  8813 | D:7      | Noticed Joseph
  8861 | D:8      | Reached skill level 9 in Maces & Flails
  8861 | D:8      | Reached skill level 5 in Shields
  9227 | D:8      | Noticed Grum
  9246 | D:8      | Reached XP level 10. HP: 56/86 MP: 15/15
  9258 | D:8      | Grum changed into Grum the steam dragon
  9258 | D:8      | Noticed Grum
  9266 | D:8      | Killed Grum the steam dragon
  9828 | D:9      | Found a staircase to the Lair.
  9891 | D:9      | Noticed Maggie
  9893 | D:9      | Maggie changed into Maggie the tengu
  9893 | D:9      | Noticed Maggie
  9894 | D:9      | Maggie the tengu changed into Maggie the sky beast
  9894 | D:9      | Noticed Maggie
  9908 | D:9      | Killed Maggie the sky beast
 10007 | D:9      | Found a runed translucent door.
 10229 | D:9      | Reached skill level 10 in Maces & Flails
 11033 | D:10     | Entered Level 10 of the Dungeon
 11193 | D:10     | Found a staircase to the Orcish Mines.
 11402 | D:10     | Reached skill level 11 in Maces & Flails
 11466 | D:10     | Reached XP level 11. HP: 42/97 MP: 18/18
 11595 | D:10     | Noticed a two-headed ogre
 11611 | D:10     | Killed a two-headed ogre
 11704 | D:10     | Reached skill level 10 in Invocations
 11804 | D:10     | Found a radiant altar of Vehumet.
 12651 | D:11     | Reached skill level 10 in Fighting
 12807 | D:11     | Noticed a two-headed ogre
 12818 | D:11     | Killed a two-headed ogre
 12981 | D:11     | Reached skill level 12 in Maces & Flails
 13054 | D:11     | Learned a level 3 spell: Summon Ice Beast
 13292 | D:11     | Noticed a boulder beetle
 13336 | D:11     | Killed a boulder beetle
 13337 | D:11     | Reached skill level 1 in Summonings
 13337 | D:11     | Reached skill level 1 in Ice Magic
 13611 | D:12     | Noticed Erolcha
 13660 | D:12     | Noticed a boulder beetle
 13850 | Orc:1    | Entered Level 1 of the Orcish Mines
 13850 | Orc:1    | Noticed an orc knight
 13886 | D:12     | Erolcha changed into Erolcha the ice beast
 13886 | D:12     | Noticed Erolcha
 13889 | D:12     | Killed Erolcha the ice beast
 14049 | D:12     | Noticed Frances
 14054 | D:12     | Noticed a sixfirhy
 14055 | D:12     | Gained mutation: You occasionally shout uncontrollably at
                  | your foes. [a neqoxec]
 14418 | Lair:1   | Entered Level 1 of the Lair of Beasts
 14430 | Lair:1   | Reached skill level 13 in Maces & Flails
 14468 | Lair:1   | Reached XP level 12. HP: 94/107 MP: 20/20
 14508 | Lair:1   | Noticed Erica
 14571 | Lair:1   | Reached skill level 14 in Maces & Flails
 14704 | Lair:2   | Found a staircase to the Snake Pit.
 14731 | Lair:2   | Killed Erica
 14785 | Lair:2   | Found a frozen archway.
 14821 | Lair:2   | Reached skill level 15 in Maces & Flails
 14928 | IceCv    | Entered an ice cave
 15120 | IceCv    | Killed from afar by an ice statue

Illustrated notes

Levels and vault maps discovered:
D:1:      ldierk_walled_garden, layout_loops_corners,
          chequers_ecumenical_altar_lobes,
          nicolae_concentric_dashed_squares_mild, minmay_misc_feat_alley,
          minmay_misc_feat_doors
D:2:      layout_basic, minmay_misc_feat_tower
D:3:      layout_loops_ring, minmay_shallow_snake_nest
D:4:      layout_layer_cave, grunt_temple_overflow_cloverleaf,
          mainiacjoe_overflow_divided_tiny, minmay_temple_entry_poolview,
          ebering_ghost_disaster_area, minmay_ruptured, uniq_pikel,
          uniq_blork_the_orc, uniq_robin
D:5:      layout_loops_ring
D:6:      layout_basic
D:7:      lemuel_insect_pit, layout_basic, kennysheep_orc_sif_temple,
          kennysheep_small_square, uniq_joseph
D:8:      layout_rooms, uniq_grum
D:9:      layout_gridville, lair_entry_dummy, wad_hexagon, uniq_maggie
D:10:     layout_roguey, orc_david_3, st_stairs_9, roadster_trireme
D:11:     layout_grid_maze, kennysheep_minor_cross
D:12:     layout_cave_pools, serial_column_ruins, column_ruins_hut_ruined,
          column_ruins_corridor_corner, column_ruins_open_tiny,
          column_ruins_columns_water, column_ruins_grid_4, column_ruins_grid_3,
          column_ruins_open_small_water, nicolae_blasting_shop,
          serial_library_hellmonk_filled_rooms, uniq_frances, uniq_erolcha
D:13:     layout_roguey, uniq_sonja
Temple:   nicolae_temple_bog_church
Lair:1:   layout_misc_corridors, dreamdust_mushroom_princess, uniq_erica
Lair:2:   layout_concentric_octagons, dummy_snake_entry,
          portal_ice_cave_entry_pillars_1
Orc:1:    layout_caves, nicolae_shop_vocational
IceCv:    ice_cave_statue_garden_chambered

Skill      XL: |  1  2  3  4  5  6  7  8  9 10 11 12 |
---------------+-------------------------------------+-----
Armour         | 1 2 3 4 |  4.6
Maces & Flails | 4 5 6 7 9 11 13 15 | 15.5
Fighting       | 4 5 6 7 9 10 | 10.5
Evocations     | 1 2 4 |  4.3
Invocations    | 1 4 7 9 11 | 11.0
Translocations | 2 3 |  3.0
Shields        | 3 5 7 |  7.0
Summonings     | 1 |  1.8
Ice Magic      | 1 |  1.6
Dodging        | |  2.6

Action                     |  1- 3 |  4- 6 |  7- 9 | 10-12 || total
---------------------------+-------+-------+-------+-------++-------
  Melee: Mace              |   126 |   163 |    27 |       ||   316
         Whip              |       |       |   453 |   543 ||   996
         Morningstar       |       |       |       |   127 ||   127
  Throw: Dart              |       |     3 |     5 |     6 ||    14
         Throwing net      |       |       |       |     5 ||     5
 Invoke: Divine Shield     |       |       |     5 |    24 ||    29
         Cleansing Flame   |       |       |       |     4 ||     4
  Evoke: Wand              |       |     6 |     4 |    34 ||    44
    Use: Scroll            |     6 |     4 |     8 |    12 ||    30
         Potion            |       |     7 |     3 |    12 ||    22
 Armour: Robe              |    71 |       |       |       ||    71
         Chain mail        |       |   107 |   119 |       ||   226
         Skin              |       |   117 |     2 |       ||   119
         Ring mail         |       |       |   147 |   327 ||   474
         Leather armour    |       |       |       |    13 ||    13
  Dodge: Dodged            |   101 |    62 |   162 |   198 ||   523
  Block: Buckler           |       |       |   112 |   292 ||   404

Table legend: (Time is in decaauts)
 A = Elapsed time spent in this place.
 B = Non-inter-level travel time spent in this place.
 C = Inter-level travel time spent in this place.
 D = Time resting spent in this place.
 E = Time spent auto-exploring this place.
 F = Levels seen in this place.
 G = Mean time per level.
                   A        B        C        D        E       F      G
               +--------+--------+--------+--------+--------+-----+--------+
         Total |  14863 |  13742 |   1121 |   1485 |   7678 |  18 |  825.7 |
       Dungeon |  14139 |  13083 |   1056 |   1379 |   7678 |  13 | 1087.6 |
        Temple |     13 |      7 |      6 |      0 |      0 |   1 |   13.0 |
          Lair |    530 |    471 |     59 |     17 |      0 |   2 |  265.0 |
  Orcish Mines |      1 |      1 |      0 |      0 |      0 |   1 |    1.0 |
      Ice Cave |    178 |    178 |      0 |     89 |      0 |   1 |  178.0 |
               +--------+--------+--------+--------+--------+-----+--------+

Top non-repeatable levels by time:
     D:4: 1925 daAuts
    D:11: 1602 daAuts
     D:7: 1426 daAuts
     D:9: 1326 daAuts
     D:1: 1313 daAuts
    D:10: 1274 daAuts
     D:6: 1122 daAuts
     D:5: 1099 daAuts
     D:2: 1038 daAuts
     D:3: 882 daAuts
     D:8: 811 daAuts
    D:12: 314 daAuts
  Lair:1: 288 daAuts
  Lair:2: 241 daAuts
   IceCv: 178 daAuts
